 Dungeon Crawl Stone Soup version 0.30-a0-55-g90e3122c3a (webtiles) character file.

Game seed: 4759818481182144285

71 Decritt the Trooper (level 4, 29/29 HPs)
             Began as a Gargoyle Fighter on Sept 10, 2022.
             Quit the game on level 2 of the Dungeon.
             The game lasted 00:03:42 (2223 turns).

Decritt the Trooper (Gargoyle Fighter)              Turns: 2223, Time: 00:03:42

Health: 29/29      AC: 12    Str: 21    XL:     4   Next: 24%
Magic:  4/4        EV:  7    Int:  9    God:
Gold:   65         SH:  4    Dex:  9    Spells: 3/3 levels left

rFire   . . .      SeeInvis .    i - +0 whip
rCold   . . .      Faith    .    c - +0 buckler
rNeg    + . .      Spirit   .    e - +0 chain mail
rPois   ∞          Reflect  .    (no helmet)
rElec   +          Harm     .    (no cloak)
rCorr   .          Rampage  .    (no gloves)
Will    .....                    (no boots)
Stlth   ..........               (no amulet)
HPRegen 0.09/turn                (no ring)
MPRegen 0.09/turn                (no ring)

@: no status effects
A: sickness immunity, AC +3, negative energy resistance 1, electricity
resistance, torment resistance 1, petrification resistance
a: no special abilities


You were on level 2 of the Dungeon.
You visited 1 branch of the dungeon, and saw 3 of its levels.

You collected 91 gold pieces.
You spent 26 gold pieces at shops.

Inventory:

Hand Weapons
 a - a +0 flail
 i - a +0 whip (weapon)
Armour
 b - a +0 scale mail
 c - a +0 buckler (worn)
 e - a +0 chain mail (worn)
Jewellery
 m - an amulet of reflection
 n - a ring of flight
Scrolls
 j - a scroll of teleportation {unknown}
 r - 4 scrolls of identify
Potions
 d - a potion of might
 f - a potion of curing {unknown}
 g - a potion of flight {unknown}
 h - a potion of invisibility {unknown}
 l - a potion of heal wounds {unknown}


   Skills:
 * Level 4.3 Fighting
 + Level 2.6 Maces & Flails
 + Level 3.8 Armour
 + Level 3.8 Shields


You had 3 spell levels left.
You didn't know any spells.
Your spell library was empty.

Dungeon Overview and Level Annotations

Branches:
Dungeon (3/15)

Altars:

Shops:
D:2 ?


Innate Abilities, Weirdness & Mutations

You are immune to sickness and miasma.
Your stone body is resilient. (AC +3)
You are immune to poison.
You resist negative energy. (rN+)
You are resistant to electric shocks. (rElec)
You are resistant to unholy torment.
You are immune to petrification.


Message History

The endoplasm hits you but does no damage.
You hit the endoplasm.
The endoplasm is almost dead.
The endoplasm barely misses you. The endoplasm freezes you.
You are frozen.
You hit the endoplasm.
You kill the endoplasm!
No target in view!
No target in view!
You see here a +0 dagger.
k - a poisoned dart
n - a ring of flight A gnoll comes into view.
It is wielding a +0 whip.
The gnoll shouts!
A gnoll is nearby!
You throw a poisoned dart.
The poisoned dart closely misses the gnoll.
You hit the gnoll.
The gnoll is lightly wounded.
The gnoll hits you but does no damage.
You hit the gnoll but do no damage.
The gnoll is lightly wounded.
The gnoll hits you but does no damage.
You closely miss the gnoll.
The gnoll is lightly wounded.
The gnoll hits you but does no damage.
You hit the gnoll.
The gnoll is heavily wounded.
The gnoll hits you but does no damage. The gnoll barely misses you.
You barely miss the gnoll.
The gnoll is heavily wounded.
You block the gnoll's attack.
You hit the gnoll.
The gnoll is almost dead.
The gnoll hits you but does no damage.
You whack the gnoll!
You kill the gnoll!
No target in view!
Are you sure you want to abandon this character and quit the game? (Confirm with "yes".)

......'........... ..#
#######........... #..
#........... ..#
#######...........##+##<((
......................#
.###.............#....#
#..#....(######....#
#..#.....').###....#
....#.....##))@.....#
####.#.....+...#.....#
).......<...##.##.....#
##..#...#...##.##.....#
...........###.###....#
.....#.#.## #.# #....#
...#....... ..# #....#
#..#....... .. ###### ##
#...#.###


There were no monsters in sight!

Vanquished Creatures
  2 gnolls
  A dart slug (D:1)
  3 orcs (D:2)
  5 bats
  8 endoplasms
  A giant cockroach (D:1)
  4 goblins
  4 hobgoblins
  2 jackals (D:1)
  6 ball pythons
  3 frilled lizards (D:1)
  2 kobolds (D:1)
  A rat (D:1)
42 creatures vanquished.

Vanquished Creatures (others)
  9 plants (D:1)
9 creatures vanquished.

Grand Total: 51 creatures vanquished

Notes
Turn   | Place    | Note
-------+----------+-------------------------------------------
     0 | D:1      | Decritt the Gargoyle Fighter began the quest for the Orb.
     0 | D:1      | Reached XP level 1. HP: 14/14 MP: 1/1
    98 | D:1      | Reached XP level 2. HP: 4/19 MP: 2/2
   672 | D:1      | Reached XP level 3. HP: 24/24 MP: 3/3
   966 | D:1      | Found a faded altar of an unknown god.
  1209 | D:1      | Reached skill level 4 in Fighting
  1587 | D:2      | Found Kysylehe's Magic Scroll Shoppe.
  1611 | D:2      | Bought a scroll of identify for 26 gold pieces
  1637 | D:2      | Identified the +6 mace of Jebecics {vorpal, rCorr}
  2087 | D:2      | Reached XP level 4. HP: 21/29 MP: 4/4
  2223 | D:2      | Quit the game

Illustrated notes

Levels and vault maps discovered:
D:1:      lightli_iron_boxes, layout_loops_ring, serial_bayou,
          serial_bayou_pond_a, serial_bayou_pond_a, serial_bayou_shore_a,
          serial_bayou_ford_a, basic_ecumenical_altar
D:2:      layout_basic, serial_shops, shop_fountains, uniq_jessica, uniq_terence
D:3:      layout_loops_ring, tgw_sif, dk_yredelemnul_ordeal,
          portal_sewer_entry_e, grunt_ministairs_15

Skill      XL: |  1  2  3 |
---------------+----------+-----
Fighting       | 4 |  4.3
Maces & Flails | |  2.6
Armour         | |  3.8
Shields        | |  3.8

Action                   |  1- 3 |  4- 6 || total
-------------------------+-------+-------++-------
Melee: Flail             |    94 |       ||    94
       Whip              |    15 |    14 ||    29
Throw: Javelin           |    27 |       ||    27
       Dart              |     7 |     1 ||     8
Armor: Scale mail        |    21 |       ||    21
       Chain mail        |    58 |    11 ||    69
       Skin              |     1 |       ||     1
Dodge: Dodged            |    50 |     2 ||    52
Block: Buckler           |    29 |     2 ||    31

Table legend: (Time is in decaauts)
 A = Elapsed time spent in this place.
 B = Non-inter-level travel time spent in this place.
 C = Inter-level travel time spent in this place.
 D = Time resting spent in this place.
 E = Time spent auto-exploring this place.
 F = Levels seen in this place.
 G = Mean time per level.
                   A        B        C        D        E       F      G
               +--------+--------+--------+--------+--------+-----+--------+
         Total |   2284 |   2209 |     75 |      0 |   1905 |   3 |  761.3 |
       Dungeon |   2284 |   2209 |     75 |      0 |   1905 |   3 |  761.3 |
               +--------+--------+--------+--------+--------+-----+--------+

Top non-repeatable levels by time:
     D:1: 1791 daAuts
     D:2: 490 daAuts
     D:3: 1 daAuts
